 Dungeon Crawl Stone Soup version 0.23-a0-890-gc183402 (console) character file.

Game seed: 14556142313757872234

28 Duffy the Chopper (level 3, 0/32 HPs)
             Began as a Naga Gladiator on Jan 28, 2019.
             Slain by an adder (4 damage)
             ... on level 2 of the Dungeon.
             The game lasted 00:00:59 (1213 turns).

Duffy the Chopper (Naga Gladiator)                  Turns: 1213, Time: 00:01:00

Health: 0/32       AC:  4    Str: 17    XL:     3   Next: 12%
Magic:  3/3        EV: 10    Int:  8    God:
Gold:   93         SH:  0    Dex: 12    Spells: 2/2 levels left

rFire    . . .     SeeInvis +   a - +0 war axe
rCold    . . .     Gourm    .   (no shield)
rNeg     . . .     Faith    .   g - +0 ring mail
rPois    +         Spirit   .   c - +0 helmet
rElec    .         Reflect  .   (no cloak)
rCorr    .         Harm     .   (no gloves)
MR       .....                  (no barding)
Stlth    +.........             (no amulet)
HPRegen  0.10/turn              b - +1 ring of evasion
MPRegen  0.08/turn              (no ring)

@: lethally poisoned (0 -> -2), very slow
A: large, see invisible, deformed body, poison resistance, slowness 2, slow
metabolism 1, spit poison 1, AC +1
a: Spit Poison


You were on level 2 of the Dungeon.
You were hungry.

You visited 1 branch of the dungeon, and saw 2 of its levels.

You collected 93 gold pieces.

Inventory:

Hand Weapons
 a - a +0 war axe (weapon)
Missiles
 d - 3 throwing nets (quivered)
Armour
 c - a +0 helmet (worn)
 g - a +0 ring mail (worn)
Jewellery
 b - a +1 ring of evasion (left hand)
Scrolls
 i - a scroll of enchant weapon {unknown}
 j - a scroll of immolation {unknown}
 k - a scroll of remove curse {unknown}
Potions
 e - a potion of heal wounds {unknown}
Comestibles
 f - 3 rations


   Skills:
 - Level 2.0 Fighting
 + Level 4.2 Axes
 - Level 1.7 Throwing
 - Level 2.4 Dodging


You had 2 spell levels left.
You didn't know any spells.
Your spell library was empty.

Dungeon Overview and Level Annotations

Branches:
Dungeon (2/15)

Altars:


Innate Abilities, Weirdness & Mutations

You cannot wear boots.
Your serpentine skin is tough. (AC +1)
You have supernaturally acute eyesight. (SInv)
Armour fits poorly on your strangely shaped body.
Your system is resistant to poisons. (rPois)
You cover ground very slowly.
You have a slow metabolism.
You can spit poison.


Message History

The adder is almost dead.
You have got your breath back.
The adder bites you. The adder bites you but does no damage.
Press: ? - help, Shift-Dir - straight line, f/p - adder
Aim: an adder (almost dead)
The splash of poison misses the adder.
The splash of poison hits the dart slug.
The dart slug is severely wounded.
You feel slightly more hungry. The adder bites you but does no damage.
You miss the adder.
The adder is almost dead.
You feel sick. The adder closely misses you. The adder barely misses you.
Your ring mail prevents you from hitting the adder.
The adder is almost dead.
You have got your breath back.
The adder bites you but does no damage.
You closely miss the adder.
The adder is almost dead.
The adder bites you. x2
You die...

##########...............
#..........#.............
#.##########.#.########..
#.# #...... #.# #..#.###
#.# #.....
#.#########w##...
#.........#S######
#########.#@## #....##
#.....# ............#
#######.....# #....##
#.#### #.# #.#


You could see an adder and a dart slug.

Vanquished Creatures
  An ooze (D:1)
  A worm (D:2)
  A giant cockroach (D:1)
  4 hobgoblins (D:1)
  3 kobolds
  2 ball pythons (D:1)
  3 bats (D:1)
  2 goblins (D:1)
  5 rats (D:1)
22 creatures vanquished.

Notes
Turn   | Place    | Note
-------+----------+-------------------------------------------
     0 | D:1      | Duffy the Naga Gladiator began the quest for the Orb.
     0 | D:1      | Reached XP level 1. HP: 19/19 MP: 1/1
   283 | D:1      | Reached XP level 2. HP: 20/26 MP: 2/2
   687 | D:1      | Reached skill level 4 in Axes
  1030 | D:1      | Reached XP level 3. HP: 32/32 MP: 3/3
  1213 | D:2      | Slain by an adder

Vault maps used:
D:1:      onia_arrival_handbag, serial_bayou_pond_a, minmay_misc_feat_ornament
D:2:      chequers_ecumenical_altar_simple_redux

Skill      XL: |  1  2 |
---------------+-------+-----
Axes           | 4 |  4.2
Fighting       | |  2.0
Throwing       | |  1.7
Dodging        | |  2.4

Action                   || total
-------------------------++-------
Melee: War axe           ||    72
 Abil: Spit Poison       ||     5
Armor: Leather armour    ||     3
       Ring mail         ||    35
Dodge: Dodged            ||    49

Table legend:
 A = Non-vault XP
 B = Vault XP
 C = Vault XP percentage of total XP
 D = Non-vault monster count
 E = Vault monster count
 F = Vault count percentage of total count
                 A         B        C        D         E       F
            +---------+---------+-------+---------+---------+-------
      Total |      30 |      10 |  25.0 |      18 |       4 |  18.2
            +---------+---------+-------+---------+---------+-------
        D:1 |      24 |      10 |  29.4 |      16 |       4 |  20.0
        D:2 |       6 |       0 |   0.0 |       2 |       0 |   0.0
            +---------+---------+-------+---------+---------+-------
